 Dungeon Sprint DCSS version 0.20-a0-1056-g7622305 (webtiles) character file.

40105 Denreik the Slayer (level 14, 0/138 HPs)
             Began as a Formicid Fighter on Apr 26, 2017.
             Was the Champion of Jiyva.
             Killed by vampiric draining
             ... invoked by a vampire knight
              (1 damage)
             ... in the Dungeon (Sprint IX: "|||||||||||||||||||||||||||||").
             The game lasted 00:34:16 (4181 turns).

Denreik the Slayer (Formicid Fighter)               Turns: 4181, Time: 00:34:17

Health: 0/138      AC: 19    Str: 27    XL:     14   Next: 43%
Magic:  7/14       EV: 19    Int:  8    God:    Jiyva [******]
Gold:   1919       SH: 12    Dex: 15    Spells: 13/13 levels left

rFire    x . .     SeeInvis +   a - +2 halberd (venom) {!w}
rCold    + + .     Gourm    .   c - +0 shield
rNeg     . . .     Faith    .   U - +0 ice dragon scales
rPois    .         Spirit   .   (helmet unavailable)
rElec    .         Reflect  .   G - +0 cloak
rCorr    +         Harm     .   (no gloves)
MR       +....                  H - +0 pair of boots
Stlth    ..........             (no amulet)
Regen    0.4/turn               u - +3 ring of strength
MPRegen  0.2/turn               v - +3 ring of intelligence

@: no status effects
A: permanent stasis, dig shafts and tunnels, four strong arms, antennae 3,
talons 1, acidic bite, gelatinous body 3, pseudopods 2, translucent skin 1,
jelly sensing items, jelly absorbing missiles
a: Dig, Request Jelly, Slimify, Cure Bad Mutation, Renounce Religion


You were in the Dungeon.
You worshipped Jiyva.
Jiyva was exalted by your worship.
You were very full.

You visited 1 branch You collected 1919 gold pieces.

Inventory:

Hand Weapons
 a - a +2 halberd of venom (weapon) {!w}
 q - a +2 dire flail of protection
 s - a +0 lajatang
 y - a +3 scimitar of flaming
 I - a +2 battleaxe
 K - a +0 dire flail
 L - a +0 vampiric hand axe
 N - a +2 dire flail
 O - a +2 bardiche
 Q - a +0 arbalest
 R - a +4 spear
Missiles
 h - 2 tomahawks (quivered)
 k - 13 javelins of penetration
 S - 42 bolts
Armour
 c - a +0 shield (worn)
 g - +0 fire dragon scales
 G - a +0 cloak (worn)
 H - a +0 pair of boots (worn)
 U - +0 ice dragon scales (worn)
Magical Staves
 p - an uncursed staff of energy
 w - an uncursed staff of air
Jewellery
 u - a +3 ring of strength (left hand)
 v - a +3 ring of intelligence (right hand)
Wands
 o - a wand of lightning (7/15)
Scrolls
 m - 3 scrolls of remove curse
 n - 2 scrolls of amnesia
 A - 2 scrolls of fog
 B - 2 scrolls of enchant weapon
 D - a scroll of enchant armour
Potions
 d - 3 potions of might
 e - a potion of invisibility
 i - 4 potions of magic
 l - 5 potions of curing
Comestibles
 f - 13 bread rations
 z - 2 royal jellies
 E - 40 fruits
 F - 12 meat rations


   Skills:
 - Level 21.1 Fighting
 - Level 20.3(20.4) Polearms
 - Level 2.0(13.9) Staves
 - Level 20.4 Armour
 * Level 9.4 Dodging
 - Level 9.5 Shields


You had 13 spell levels left.
You didn't know any spells.

Dungeon Overview and Level Annotations

Branches:
Dungeon (1/1)

Altars:
Cheibriados
Dithmenos
Elyvilon
Fedhas
Gozag
Hepliaklqana
Kikubaaqudgha
Makhleb
Nemelex Xobeh
Okawaru
Qazlal
Ru
Sif Muna
Trog
Uskayaw
Vehumet
Wu Jian
Xom
Yredelemnul
Zin
The Shining One
Beogh
Jiyva
Lugonu

Shops:
D (*}=


Innate Abilities, Weirdness & Mutations

You cannot be hasted, slowed, berserked, paralysed or teleported.
You can dig through walls and to a lower floor.
Your four strong arms can wield two-handed weapons with a shield.
You have a pair of large antennae on your head. (SInv)
You have sharp toenails.
You have acidic saliva.
Your gelatinous body deflects attacks. (AC +3, EV +3)
Armour fits poorly on your large pseudopods.
Your translucent skin slightly reduces your foes' accuracy. (Stealth)
You have a small jelly attached to you that senses nearby items.
You have a small jelly attached to you that may absorb incoming projectiles.


Message History

The vampire knight gestures at you while chanting.
You resist with some effort.
The vampire knight is infused with unholy energy.
* * * LOW HITPOINT WARNING * * *
The vampire knight draws life force from you and is healed!
Attack whom?
Press: ? - help, Dir - move target cursor, f/p - vampire knight
Aim: a vampire knight, wielding a great sword and wearing a chain mail (heavily damaged, fast, slightly transparent)
You barely miss the vampire knight.
The vampire knight is heavily damaged.
The vampire knight hits you with a great sword!!
* * * LOW HITPOINT WARNING * * *
The vampire knight barely misses you.
Attack whom?
Press: ? - help, Dir - move target cursor, f/p - vampire knight
Aim: a vampire knight, wielding a great sword and wearing a chain mail (heavily damaged, fast, slightly transparent)
You barely miss the vampire knight.
The vampire knight is heavily damaged.
The vampire knight is infused with unholy energy.
You die... { { {{{ {{ { ▓▓▓▓▓▓▓▓▓▓▓▓▓▓▓▓▓▓▓▓▓▓▓▓ .....J...(...(()@V((.... {{{{{{{{

.▓▓▓▓▓▓▓▓▓▓▓▓▓▓▓▓▓▓▓▓▓▓▓▓▓▓▓▓▓▓▓▓
..J..................J...........
▓▓▓▓▓▓▓▓▓▓▓▓▓▓▓♣♣♣♣♣♣♣♣♣♣▓▓▓▓▓▓▓▓
..........{....'†).(....())......
.▓▓▓▓▓▓▓▓▓▓▓▓▓▓♣♣♣♣♣♣♣♣♣♣▓▓▓▓▓▓▓▓
.............).................{.
▓▓▓▓▓▓▓▓▓▓▓▓▓▓▓▓▓▓▓▓▓▓▓▓▓▓▓▓▓▓▓▓▓
.........'........J............{.


You could see a vampire knight (invisible).

Vanquished Creatures
  Frances (D)
  A very ugly thing (D)
  2 stone giants (D)
  A dire elephant (D)
  A merfolk javelineer (D)
  2 fire dragons (D)
  An ogre mage (D)
  2 rakshasas (D)
  A naga warrior (D)
  2 ice dragons (D)
  Harold (D)
  2 ghost crabs (D)
  A centaur warrior (D)
  A two-headed ogre (D)
  Erica (D)
  2 tengu warriors (D)
  An orc high priest (D)
  A spriggan berserker (D)
  A naga sharpshooter (D)
  A skeletal warrior (D)
  A naga ritualist (D)
  A shambling mangrove (D)
  7 orc knights (D)
  2 wolf spiders (D)
  3 manticores (D)
  7 elephants (D)
  Maurice (D)
  2 naga magi (D)
  Psyche (D)
  3 spiny frogs (D)
  A torpor snail (D)
  4 black mambas (D)
  A water nymph (D)
  A demonic crawler (D)
  A komodo dragon (D)
  2 efreet (D)
  3 yaktaurs (D)
  A tengu conjurer (D)
  2 jumping spiders (D)
  2 trolls (D)
  2 merfolk (D)
  A wind drake (D)
  A bog body (D)
  2 hippogriffs (D)
  A blink frog (D)
  2 redbacks (D)
  A tarantella (D)
  A wraith (D)
  A water elemental (D)
  2 yaks (D)
  A basilisk (D)
  A hungry ghost (D)
  A vampire mosquito (D)
  2 water moccasins (D)
  A swamp drake (D)
  8 orc warriors (D)
  A boggart (D)
  3 crocodiles (D)
  6 bullfrogs (D)
  2 scorpions (D)
  6 orc priests (D)
  3 orc wizards (D)
  An iguana (D)
  2 worker ants (D)
  2 adders (D)
  A shadow imp (D)
  An adder skeleton (D)
  8 orcs (D)
  A ball python (D)
  A goblin (D)
  2 bats (D)
  A frilled lizard (D)
  A jackal skeleton (D)
  A rat (D)
143 creatures vanquished.

Vanquished Creatures (collateral kills)
  4 orc knights (D)
  2 orc warriors (D)
6 creatures vanquished.

Vanquished Creatures (others)
  A tyrant leech (D)
  A hornet (D)
  A spriggan (D)
  21 jellies (D)
24 creatures vanquished.

Grand Total: 173 creatures vanquished

Notes
Turn   | Place    | Note
-------+----------+-------------------------------------------
     0 | D        | Denreik the Formicid Fighter began the quest for the Orb.
     0 | D        | Reached XP level 1. HP: 18/18 MP: 1/1
     5 | D        | Reached skill level 4 in Fighting
    27 | D        | Noticed a scorpion
    27 | D        | Noticed a scorpion
    34 | D        | Reached skill level 6 in Fighting
    34 | D        | Reached XP level 2. HP: 22/28 MP: 2/2
    45 | D        | Killed a scorpion
    45 | D        | Reached skill level 8 in Fighting
    45 | D        | Reached XP level 3. HP: 22/38 MP: 3/3
    45 | D        | Reached XP level 4. HP: 26/45 MP: 4/4
    49 | D        | Reached skill level 9 in Fighting
    56 | D        | HP: 2/46 [scorpion (8)]
    61 | D        | Reached skill level 10 in Fighting
    61 | D        | Reached XP level 5. HP: 4/54 MP: 5/5
   342 | D        | Found a roughly hewn altar of Beogh.
   342 | D        | Found a snail-covered altar of Cheibriados.
   342 | D        | Found a shadowy altar of Dithmenos.
   342 | D        | Found a white marble altar of Elyvilon.
   342 | D        | Found a blossoming altar of Fedhas.
   342 | D        | Found an opulent altar of Gozag.
   343 | D        | Found a hazy altar of Hepliaklqana.
   344 | D        | Found a viscous altar of Jiyva.
   345 | D        | Found an ancient bone altar of Kikubaaqudgha.
   346 | D        | Found a corrupted altar of Lugonu.
   347 | D        | Found a burning altar of Makhleb.
   348 | D        | Found a sparkling altar of Nemelex Xobeh.
   349 | D        | Found an iron altar of Okawaru.
   350 | D        | Found a stormy altar of Qazlal.
   351 | D        | Found a sacrificial altar of Ru.
   352 | D        | Became a worshipper of Jiyva Jaddasin the Shapeless
   353 | D        | Found a deep blue altar of Sif Muna.
   354 | D        | Found a bloodstained altar of Trog.
   355 | D        | Found a hide-covered altar of Uskayaw.
   356 | D        | Found a radiant altar of Vehumet.
   357 | D        | Found an ornate altar of the Wu Jian Council.
   358 | D        | Found a shimmering altar of Xom.
   359 | D        | Found a basalt altar of Yredelemnul.
   360 | D        | Found a glowing silver altar of Zin.
   361 | D        | Found a glowing golden altar of the Shining One.
   403 | D        | Noticed a bullfrog
   403 | D        | Noticed a troll
   406 | D        | Reached skill level 1 in Polearms
   413 | D        | Reached skill level 5 in Polearms
   415 | D        | Killed a bullfrog
   415 | D        | Reached XP level 6. HP: 50/61 MP: 6/6
   420 | D        | Killed a troll
   420 | D        | Reached XP level 7. HP: 51/67 MP: 7/7
   475 | D        | Reached * piety under Jiyva
   478 | D        | Reached ** piety under Jiyva
   485 | D        | Reached *** piety under Jiyva
   490 | D        | Gained mutation: You have a small jelly attached to you that senses nearby items. [Jiyva's grace]
   495 | D        | Reached **** piety under Jiyva
   495 | D        | Gained mutation: You are somewhat resistant to further mutation. [Jiyva's grace]
   507 | D        | Reached ***** piety under Jiyva
   507 | D        | Gained mutation: Your movements are slightly less encumbered by armour. (ER -2) [Jiyva's grace]
   509 | D        | Lost mutation: Your movements are slightly less encumbered by armour. (ER -2) [Jiyva's grace]
   512 | D        | Lost mutation: You are somewhat resistant to further mutation. [Jiyva's grace]
   512 | D        | Reached ****** piety under Jiyva
   513 | D        | Gained mutation: Armour fits poorly on your pseudopods. [Jiyva's grace]
   515 | D        | Noticed an efreet
   515 | D        | Noticed a wraith
   515 | D        | Noticed a troll
   515 | D        | Noticed a hungry ghost
   515 | D        | Lost mutation: Armour fits poorly on your pseudopods. [Jiyva's grace]
   515 | D        | Gained mutation: You are partially covered in molten scales. (AC +2) [Jiyva's grace]
   516 | D        | Lost mutation: You are partially covered in molten scales. (AC +2) [Jiyva's grace]
   518 | D        | Reached skill level 11 in Fighting
   518 | D        | Gained mutation: Your natural rate of healing is unusually fast. [Jiyva's grace]
   519 | D        | Gained mutation: You have a somewhat thin skeletal structure. (Dex +2, Stealth) [Jiyva's grace]
   521 | D        | Killed an efreet
   521 | D        | Reached skill level 13 in Fighting
   521 | D        | Reached XP level 8. HP: 47/79 MP: 8/8
   523 | D        | Gained mutation: You have a small jelly attached to you that may absorb incoming projectiles. [Jiyva's grace]
   525 | D        | Killed a wraith
   525 | D        | Gained mutation: You are covered in slimy tendrils that may disarm your opponents. [Jiyva's grace]
   529 | D        | Lost mutation: You have a somewhat thin skeletal structure. (Dex +2, Stealth) [Jiyva's grace]
   531 | D        | Gained mutation: You possess an exceptional clarity of mind. [Jiyva's grace]
   532 | D        | Lost mutation: You possess an exceptional clarity of mind. [Jiyva's grace]
   534 | D        | Gained mutation: You evolve. [Jiyva's grace]
   536 | D        | Killed a troll
   536 | D        | Reached skill level 14 in Fighting
   541 | D        | Reached skill level 15 in Fighting
   709 | D        | Noticed a hippogriff
   709 | D        | Noticed a yak
   709 | D        | Noticed a hippogriff
   713 | D        | Noticed a spiny frog
   713 | D        | Reached skill level 5 in Shields
   717 | D        | Killed a hippogriff
   717 | D        | Reached XP level 9. HP: 70/89 MP: 9/9
   718 | D        | Noticed a komodo dragon
   739 | D        | Killed a hippogriff
   758 | D        | Killed a spiny frog
   798 | D        | Killed a komodo dragon
   798 | D        | Reached skill level 10 in Armour
   804 | D        | Gained mutation: You are resistant to hostile enchantments. (MR+) [Jiyva's grace]
   805 | D        | Gained mutation: Your flesh is heat resistant. (rF+) [Jiyva's grace]
   805 | D        | Gained mutation: Your body has grown golden eyes which may confuse attackers. (Acc +3) [Jiyva's grace]
   806 | D        | Gained mutation: Your rubbery body absorbs attacks. (AC +1, EV +1) [Jiyva's grace]
   808 | D        | Gained mutation: Your pliable body absorbs attacks. (AC +2, EV +2) [Jiyva's grace]
   808 | D        | Lost mutation: You have a small jelly attached to you that may absorb incoming projectiles. [Jiyva's grace]
   820 | D        | Lost mutation: Your pliable body absorbs attacks. (AC +2, EV +2) [Jiyva's grace]
   831 | D        | Lost mutation: Your rubbery body absorbs attacks. (AC +1, EV +1) [Jiyva's grace]
   837 | D        | Gained mutation: Your body has grown many golden eyes which may confuse attackers. (Acc +5) [Jiyva's grace]
   840 | D        | Lost mutation: You have a small jelly attached to you that senses nearby items. [Jiyva's grace]
   842 | D        | Lost mutation: Your flesh is heat resistant. (rF+) [Jiyva's grace]
   844 | D        | Lost mutation: You evolve. [Jiyva's grace]
   851 | D        | Lost mutation: Your natural rate of healing is unusually fast. [Jiyva's grace]
   851 | D        | Gained mutation: Your translucent skin slightly reduces your foes' accuracy. (Stealth) [Jiyva's grace]
   851 | D        | Gained mutation: Your rubbery body absorbs attacks. (AC +1, EV +1) [Jiyva's grace]
   853 | D        | Gained mutation: You have a small jelly attached to you that may absorb incoming projectiles. [Jiyva's grace]
   914 | D        | Gained mutation: Your magical capacity is low. (-10% MP) [Jiyva's grace]
   917 | D        | Lost mutation: Your translucent skin slightly reduces your foes' accuracy. (Stealth) [Jiyva's grace]
   918 | D        | Gained mutation: Your translucent skin slightly reduces your foes' accuracy. (Stealth) [Jiyva's grace]
   921 | D        | Gained mutation: You have a small jelly attached to you that senses nearby items. [Jiyva's grace]
   924 | D        | Noticed a spiny frog
   924 | D        | Gained mutation: You have a somewhat thin skeletal structure. (Dex +2, Stealth) [Jiyva's grace]
   935 | D        | Reached XP level 10. HP: 93/96 MP: 9/9
   937 | D        | Noticed a spiny frog
   949 | D        | Killed a spiny frog
   958 | D        | Killed a spiny frog
  1009 | D        | Lost mutation: Your magical capacity is low. (-10% MP) [Jiyva's grace]
  1100 | D        | Noticed an elephant
  1100 | D        | Noticed an elephant
  1100 | D        | Noticed a dire elephant
  1100 | D        | Noticed an elephant
  1100 | D        | Noticed an elephant
  1100 | D        | Noticed an elephant
  1106 | D        | Killed an elephant
  1113 | D        | Noticed an elephant
  1120 | D        | Killed a dire elephant
  1120 | D        | Reached skill level 15 in Armour
  1122 | D        | Killed an elephant
  1125 | D        | Noticed an elephant
  1131 | D        | Killed an elephant
  1131 | D        | Reached XP level 11. HP: 94/102 MP: 11/11
  1135 | D        | Killed an elephant
  1140 | D        | Killed an elephant
  1147 | D        | Killed an elephant
  1157 | D        | Killed an elephant
  1167 | D        | Gained mutation: You have acidic saliva. [Jiyva's grace]
  1304 | D        | Reached skill level 1 in Dodging
  1498 | D        | Noticed an orc knight
  1498 | D        | Noticed an orc high priest
  1506 | D        | Killed an orc knight
  1508 | D        | Noticed a soul eater
  1517 | D        | Killed an orc high priest
  1536 | D        | Noticed an orc knight
  1548 | D        | Killed an orc knight
  1696 | D        | Found Miuklub's Weapon Emporium.
  1696 | D        | Noticed an orc knight
  1696 | D        | Noticed an orc knight
  1696 | D        | Noticed an orc knight
  1698 | D        | Noticed an orc knight
  1701 | D        | Killed an orc knight
  1708 | D        | Gained mutation: Your flesh is cold resistant. (rC+) [Jiyva's grace]
  1708 | D        | Gained mutation: You are resistant to electric shocks. (rElec) [Jiyva's grace]
  1708 | D        | Lost mutation: Your body has grown many golden eyes which may confuse attackers. (Acc +5) [Jiyva's grace]
  1712 | D        | Lost mutation: Your translucent skin slightly reduces your foes' accuracy. (Stealth) [Jiyva's grace]
  1714 | D        | Killed an orc knight
  1721 | D        | Killed an orc knight
  1723 | D        | Killed an orc knight
  1723 | D        | Reached skill level 15 in Polearms
  1725 | D        | Reached XP level 12. HP: 59/110 MP: 12/12
  1745 | D        | Found Gabac's General Store.
  1750 | D        | Found Bizythil's Gadget Emporium.
  1754 | D        | Found Verhot's Jewellery Shoppe.
  2196 | D        | Noticed Harold
  2209 | D        | Killed Harold
  2228 | D        | Gained mutation: You possess an exceptional clarity of mind. [Jiyva's grace]
  2228 | D        | Gained mutation: Armour fits poorly on your pseudopods. [Jiyva's grace]
  2230 | D        | Gained mutation: Your flesh is very cold resistant. (rC++) [Jiyva's grace]
  2232 | D        | Lost mutation: Your body has grown golden eyes which may confuse attackers. (Acc +3) [Jiyva's grace]
  2235 | D        | Lost mutation: You possess an exceptional clarity of mind. [Jiyva's grace]
  2238 | D        | Lost mutation: You have a small jelly attached to you that may absorb incoming projectiles. [Jiyva's grace]
  2238 | D        | Gained mutation: You are partially covered in yellow scales. (AC +2) [Jiyva's grace]
  2239 | D        | Lost mutation: You are resistant to hostile enchantments. (MR+) [Jiyva's grace]
  2241 | D        | Gained mutation: Your muscles are strong. (Str +2) [Jiyva's grace]
  2243 | D        | Lost mutation: You are covered in slimy tendrils that may disarm your opponents. [Jiyva's grace]
  2244 | D        | Lost mutation: Armour fits poorly on your pseudopods. [Jiyva's grace]
  2245 | D        | Gained mutation: Your muscles are very strong. (Str +4) [Jiyva's grace]
  2250 | D        | Gained mutation: You are partially covered in icy blue scales. (AC +2) [Jiyva's grace]
  2250 | D        | Gained mutation: Your pliable body absorbs attacks. (AC +2, EV +2) [Jiyva's grace]
  2252 | D        | Lost mutation: Your muscles are very strong. (Str +4) [Jiyva's grace]
  2255 | D        | Lost mutation: Your muscles are strong. (Str +2) [Jiyva's grace]
  2257 | D        | Gained mutation: You occasionally shout uncontrollably at your foes. [Jiyva's grace]
  2258 | D        | Noticed Psyche
  2260 | D        | Gained mutation: Your spells are a little harder to cast, but a little more powerful. [Jiyva's grace]
  2262 | D        | Killed Psyche
  2276 | D        | Noticed Erica
  2285 | D        | Killed Erica
  2293 | D        | Gained mutation: You are somewhat resistant to further mutation. [Jiyva's grace]
  2293 | D        | Lost mutation: Your flesh is very cold resistant. (rC++) [Jiyva's grace]
  2293 | D        | Gained mutation: You are covered in slimy tendrils that may disarm your opponents. [Jiyva's grace]
  2294 | D        | Lost mutation: Your spells are a little harder to cast, but a little more powerful. [Jiyva's grace]
  2295 | D        | Lost mutation: Your flesh is cold resistant. (rC+) [Jiyva's grace]
  2297 | D        | Lost mutation: You have a small jelly attached to you that senses nearby items. [Jiyva's grace]
  2301 | D        | Gained mutation: You possess an exceptional clarity of mind. [Jiyva's grace]
  2301 | D        | Gained mutation: Armour fits poorly on your pseudopods. [Jiyva's grace]
  2310 | D        | Gained mutation: You have large cloven feet. [Jiyva's grace]
  2311 | D        | Lost mutation: You are somewhat resistant to further mutation. [Jiyva's grace]
  2312 | D        | Gained mutation: Your flesh is heat resistant. (rF+) [Jiyva's grace]
  2312 | D        | Lost mutation: Your flesh is heat resistant. (rF+) [Jiyva's grace]
  2312 | D        | Lost mutation: You have large cloven feet. [Jiyva's grace]
  2313 | D        | Lost mutation: You occasionally shout uncontrollably at your foes. [Jiyva's grace]
  2313 | D        | Lost mutation: You have acidic saliva. [Jiyva's grace]
  2313 | D        | Lost mutation: Armour fits poorly on your pseudopods. [Jiyva's grace]
  2317 | D        | Gained mutation: You have a small jelly attached to you that may absorb incoming projectiles. [Jiyva's grace]
  2317 | D        | Gained mutation: Your flesh is heat resistant. (rF+) [Jiyva's grace]
  2317 | D        | Lost mutation: You have a somewhat thin skeletal structure. (Dex +2, Stealth) [Jiyva's grace]
  2317 | D        | Lost mutation: You possess an exceptional clarity of mind. [Jiyva's grace]
  2320 | D        | Gained mutation: Your muscles are strong. (Str +2) [Jiyva's grace]
  2339 | D        | Gained mutation: Your spells are a little harder to cast, but a little more powerful. [Jiyva's grace]
  2350 | D        | Lost mutation: Your spells are a little harder to cast, but a little more powerful. [Jiyva's grace]
  2354 | D        | Noticed a skeletal warrior
  2354 | D        | Noticed a centaur warrior
  2354 | D        | Noticed a two-headed ogre
  2355 | D        | Lost mutation: You are covered in slimy tendrils that may disarm your opponents. [Jiyva's grace]
  2361 | D        | Noticed a tengu warrior
  2362 | D        | Lost mutation: You are resistant to electric shocks. (rElec) [Jiyva's grace]
  2364 | D        | Gained mutation: You possess an exceptional clarity of mind. [Jiyva's grace]
  2369 | D        | Lost mutation: You have a small jelly attached to you that may absorb incoming projectiles. [Jiyva's grace]
  2370 | D        | Killed a skeletal warrior
  2374 | D        | Noticed an ogre mage
  2374 | D        | Lost mutation: You possess an exceptional clarity of mind. [Jiyva's grace]
  2382 | D        | Killed a centaur warrior
  2386 | D        | Killed a two-headed ogre
  2396 | D        | Noticed a tengu warrior
  2400 | D        | Noticed a fire dragon
  2403 | D        | Noticed an ice dragon
  2410 | D        | Killed an ogre mage
  2415 | D        | Killed a tengu warrior
  2423 | D        | Noticed a purple very ugly thing
  2424 | D        | Noticed a stone giant
  2426 | D        | Killed a tengu warrior
  2438 | D        | Noticed a fire dragon
  2441 | D        | Killed a fire dragon
  2441 | D        | Reached XP level 13. HP: 63/116 MP: 13/13
  2451 | D        | Killed a purple very ugly thing
  2463 | D        | Killed an ice dragon
  2472 | D        | Killed a stone giant
  2480 | D        | Killed a fire dragon
  2570 | D        | Gained mutation: Your body has grown golden eyes which may confuse attackers. (Acc +3) [Jiyva's grace]
  2576 | D        | Gained mutation: You have a small jelly attached to you that senses nearby items. [Jiyva's grace]
  2578 | D        | Gained mutation: Your gelatinous body deflects attacks. (AC +3, EV +3) [Jiyva's grace]
  2596 | D        | Gained mutation: You have sharp toenails. [Jiyva's grace]
  3016 | D        | Noticed Maurice
  3023 | D        | Killed Maurice
  3055 | D        | Noticed a ghost crab
  3061 | D        | Noticed a ghost crab
  3075 | D        | Killed a ghost crab
  3076 | D        | Lost mutation: Your flesh is heat resistant. (rF+) [Jiyva's grace]
  3076 | D        | Gained mutation: Armour fits poorly on your pseudopods. [Jiyva's grace]
  3078 | D        | Gained mutation: You are robust. (+10% HP) [Jiyva's grace]
  3078 | D        | Gained mutation: Your mind is acute. (Int +2) [Jiyva's grace]
  3078 | D        | Lost mutation: Your muscles are strong. (Str +2) [Jiyva's grace]
  3081 | D        | Gained mutation: Your spells are a little harder to cast, but a little more powerful. [Jiyva's grace]
  3081 | D        | Gained mutation: You have acidic saliva. [Jiyva's grace]
  3081 | D        | Lost mutation: You are robust. (+10% HP) [Jiyva's grace]
  3081 | D        | Lost mutation: Your spells are a little harder to cast, but a little more powerful. [Jiyva's grace]
  3081 | D        | Gained mutation: Armour fits poorly on your large pseudopods. [Jiyva's grace]
  3085 | D        | Gained mutation: You have razor-sharp toenails. [Jiyva's grace]
  3087 | D        | Killed a ghost crab
  3087 | D        | Gained mutation: Your spells are a little harder to cast, but a little more powerful. [Jiyva's grace]
  3094 | D        | Lost mutation: You are partially covered in yellow scales. (AC +2) [Jiyva's grace]
  3109 | D        | Reached skill level 16 in Fighting
  3169 | D        | Noticed a naga warrior
  3186 | D        | Killed a naga warrior
  3189 | D        | Reached skill level 17 in Fighting
  3229 | D        | Reached skill level 18 in Fighting
  3486 | D        | Noticed a merfolk javelineer
  3498 | D        | Killed a merfolk javelineer
  3511 | D        | Reached skill level 19 in Fighting
  3584 | D        | Lost mutation: You have razor-sharp toenails. [Jiyva's grace]
  3657 | D        | Reached XP level 14. HP: 134/134 MP: 14/14
  3663 | D        | Reached skill level 20 in Fighting
  3816 | D        | Lost mutation: Your body has grown golden eyes which may confuse attackers. (Acc +3) [Jiyva's grace]
  3828 | D        | Gained mutation: You have a small jelly attached to you that may absorb incoming projectiles. [Jiyva's grace]
  3831 | D        | Gained mutation: Your translucent skin slightly reduces your foes' accuracy. (Stealth) [Jiyva's grace]
  3851 | D        | Lost mutation: Your spells are a little harder to cast, but a little more powerful. [Jiyva's grace]
  3856 | D        | Lost mutation: Your mind is acute. (Int +2) [Jiyva's grace]
  3860 | D        | Noticed Frances
  3865 | D        | Lost mutation: You are partially covered in icy blue scales. (AC +2) [Jiyva's grace]
  3871 | D        | Gained mutation: Your mind is acute. (Int +2) [Jiyva's grace]
  3871 | D        | Lost mutation: Your mind is acute. (Int +2) [Jiyva's grace]
  3875 | D        | Killed Frances
  3875 | D        | Reached skill level 21 in Fighting
  4088 | D        | Noticed a stone giant
  4110 | D        | Killed a stone giant
  4157 | D        | Noticed a vampire knight
  4180 | D        | HP: 1/138 [vampire knight/great sword (25)]
  4181 | D        | Killed from afar by a vampire knight

Vault maps used:
D:        linesprint

Skill      XL: |  1  2  3  4  5  6  7  8  9 10 11 12 13 14 |
---------------+-------------------------------------------+-----
Fighting       | 6 8 10 13 15 19 21 | 21.1
Polearms       | 7 11 15 18 20 | 20.3
Shields        | 7 9 |  9.5
Armour         | 11 16 18 20 | 20.4
Dodging        | 3 9 |  9.4
Staves         | |  2.0

Action                   |  1- 3 |  4- 6 |  7- 9 | 10-12 | 13-15 || total
-------------------------+-------+-------+-------+-------+-------++-------
Melee: Quarterstaff      |    25 |    15 |    29 |       |       ||    69
       Halberd           |       |    17 |    55 |   275 |   302 ||   649
       Bite              |       |       |       |    18 |    25 ||    43
       Bardiche          |       |       |       |    23 |       ||    23
       Pseudopods        |       |       |       |       |    53 ||    53
Throw: Tomahawk          |       |       |       |       |     2 ||     2
 Abil: Dig               |       |       |       |       |     1 ||     1
  Use: Potion            |       |     1 |     2 |       |     3 ||     6
 Stab: Confused          |       |       |       |     6 |     1 ||     7
       Distracted        |       |       |       |       |     1 ||     1
Armor: Scale mail        |     9 |     3 |       |       |       ||    12
       Chain mail        |       |    15 |    18 |    42 |       ||    75
       Plate armour      |       |       |       |    38 |    10 ||    48
       Ice dragon scales |       |       |       |       |    49 ||    49
Dodge: Dodged            |     9 |     8 |    24 |    57 |    74 ||   172
Block: Shield            |     8 |    12 |    28 |    85 |   100 ||   233
